 Dungeon Crawl Stone Soup version 0.31-a0-1227-g0136665373 (webtiles) character file.

Game seed: 2319021618998035636

93 jlumianski the Ruffian (level 4, -2/34 HPs)
             Began as a Gnoll Shapeshifter on Dec 15, 2023.
             Slain by a jelly (3 damage)
             ... on level 4 of the Dungeon.
             The game lasted 00:08:23 (2039 turns).

jlumianski the Ruffian (Gnoll Shapeshifter)         Turns: 2039, Time: 00:08:24

Health: -2/34      AC: -2    Str: 15 (16) XL:     4   Next: 61%
Magic:  5/5        EV: 11    Int:  7 (9)  God:
Gold:   122        SH:  0    Dex:  8 (11) Spells: 5/5 levels left

rFire   . .          .
                       - Unarmed
rCold   . . .        (no shield)
rNeg    + . .        l - +0 ring mail
rPois   .            (helmet currently unavailable)
rElec   .            (cloak currently unavailable)
rCorr   .            (gloves currently unavailable)
SInv    .            (boots currently unavailable)
Will    .....        (no amulet)
Stlth   +            o - ring of positive energy
HPRegen 0.25/turn    (no ring)
MPRegen 0.09/turn

%: no passive effects
@: beast-form, corroded, attractive, invisible
A: beast (slay +3), fangs 1, strong nose, distributed training
a: Begin Untransformation


You were on level 4 of the Dungeon.
You were a hulking beast.
You visited 1 branch of the dungeon, and saw 4 of its levels.

You collected 122 gold pieces.

Inventory:

Hand Weapons
 i - a +0 dagger
 q - a +2 sling of electrocution
 x - a +2 dagger of draining
Missiles
 m - 5 poisoned darts (quivered)
 u - 4 boomerangs
Armour
 a - a +0 animal skin
 l - a +0 ring mail (worn)
 n - a +0 chain mail
 p - a +0 helmet
Jewellery
 f - an amulet of magic regeneration
 o - a ring of positive energy (left hand)
 v - a ring of ice
Talismans
 c - a beast talisman
 d - a flux talisman
Scrolls
 e - a scroll of enchant weapon
 j - a scroll of identify
 k - a scroll of teleportation {unknown}
 s - a scroll of blinking {unknown}
 w - a scroll of brand weapon {unknown}
Potions
 b - a potion of lignification
 g - a potion of invisibility
 t - a potion of attraction


   Skills:
 + Level 2.8 Fighting
 + Level 1.2 Short Blades
 + Level 1.2 Long Blades
 + Level 1.2 Axes
 + Level 1.2 Maces & Flails
 + Level 1.2 Polearms
 + Level 1.2 Staves
 + Level 1.2 Ranged Weapons
 + Level 1.2 Throwing
 + Level 1.2 Armour
 + Level 4.7 Dodging
 + Level 1.2 Stealth
 + Level 1.2 Shields
 + Level 6.6 Unarmed Combat
 + Level 1.2 Spellcasting
 + Level 1.0 Conjurations
 + Level 1.0 Hexes
 + Level 1.0 Summonings
 + Level 1.0 Necromancy
 + Level 1.0 Translocations
 + Level 1.0 Transmutations
 + Level 1.0 Fire Magic
 + Level 1.0 Ice Magic
 + Level 1.0 Air Magic
 + Level 1.0 Earth Magic
 + Level 1.0 Poison Magic
 + Level 1.3 Invocations
 + Level 1.2 Evocations
 + Level 6.6 Shapeshifting


You had 5 spell levels left.
You didn't know any spells.
Your spell library contained the following spells:

 Spells                   Type           Power      Damage    Failure   Level
 Freeze                   Ice            4%         1d3       45%         1
 Frozen Ramparts          Ice            2%         1d1       83%         3
 Hailstorm                Conj/Ice       1%         3d5       83%         3


Dungeon Overview and Level Annotations

Branches:
Dungeon (4/15)
 Temple: D:4-7

Altars:
Fedhas
Kikubaaqudgha
The Shining One


Innate Abilities, Weirdness & Mutations

You are a hulking beast.
Your limbs bulge with bestial killing power. (Slay +3)
You have very sharp teeth.
Your uncanny sense of smell can sniff out nearby items.
Your experience applies equally to all skills.


Message History

Unknown command.
It was a potion of invisibility.
You fade into invisibility!
The jelly closely misses you. The jelly barely misses you.
You see here a +0 club.
The jelly attacks as it pursues you! The jelly barely misses you.
The jelly hits you.
* * * LOW HITPOINT WARNING * * *
You are splashed with acid!
* * * LOW HITPOINT WARNING * * *
Okay, then.
Unknown command.
It was a potion of attraction.
You feel attractive to monsters. The jelly misses you.
The kobold is attracted toward you.
It was a potion of curing.
You feel better. The jelly barely misses you.
Okay, then.
Unknown command.
Unknown command.
It was a potion of degeneration.
There was something very wrong with that liquid.
You feel weakened.
You feel dopey.
You feel clumsy. The jelly barely misses you.
The scorpion is attracted toward you. The jelly attacks as it pursues you!
The jelly barely misses you. The scorpion is attracted toward you.
The kobold is attracted toward you. The jelly attacks as it pursues you!
The jelly hits you.
* * * LOW HITPOINT WARNING * * *
You are splashed with acid!
* * * LOW HITPOINT WARNING * * *
The scorpion is attracted toward you. The kobold is attracted toward you.
Okay, then.
Unknown command.
Unknown command.
As you read the scroll labelled CAAT GUICSYG, it crumbles to dust.
It is a scroll of identify.
e - a scroll of enchant weapon The jelly hits you.
You die...

#...............)
.##.##...............
.##.##>#...........#
.##.##.#...##...####
.##.##.##.###...# .##.##.##.#
#...# ..........# ##)##
#####..
....##.######...######.......
.......# #.#..hJsK§§.# ##
######## ##.#.#####.##..
##.## #)#.# ### #s..#∆ ∆ ∆
........#.# ∆∆ ∆ #######.##..
∆ #.. ### ... ##.#


You could see a scorpion (unable to see you), a jelly and a kobold (unable to
see you).

Vanquished Creatures
  A hound (D:4)
  A dart slug (D:2)
  3 orcs
  5 endoplasms
  A giant cockroach (D:2)
  9 goblins
  7 hobgoblins
  4 kobolds
  6 quokkas
  A ball python (D:1)
  6 bats
  2 frilled lizards
  6 rats
52 creatures vanquished.

Notes
Turn   | Place    | Note
-------+----------+-------------------------------------------
     0 | D:1      | jlumianski the Gnoll Shapeshifter began the quest for the
                  | Orb.
     0 | D:1      | Reached XP level 1. HP: 17/17 MP: 1/1
   172 | D:1      | Reached XP level 2. HP: 23/23 MP: 2/2
   455 | D:1      | Reached XP level 3. HP: 28/28 MP: 3/3
   775 | D:2      | Reached skill level 1 in Invocations
   979 | D:2      | Found an ancient bone altar of Kikubaaqudgha.
  1185 | D:3      | Reached skill level 1 in Short Blades
  1185 | D:3      | Reached skill level 1 in Long Blades
  1185 | D:3      | Reached skill level 1 in Axes
  1185 | D:3      | Reached skill level 1 in Maces & Flails
  1185 | D:3      | Reached skill level 1 in Polearms
  1185 | D:3      | Reached skill level 1 in Staves
  1185 | D:3      | Reached skill level 1 in Ranged Weapons
  1185 | D:3      | Reached skill level 1 in Throwing
  1185 | D:3      | Reached skill level 1 in Armour
  1185 | D:3      | Reached skill level 1 in Stealth
  1185 | D:3      | Reached skill level 1 in Shields
  1185 | D:3      | Reached skill level 1 in Spellcasting
  1185 | D:3      | Reached skill level 1 in Evocations
  1624 | D:1      | Reached XP level 4. HP: 34/34 MP: 5/5
  1946 | D:4      | Found a glowing golden altar of the Shining One.
  1961 | D:4      | Found a blossoming altar of Fedhas.
  2020 | D:4      | Reached skill level 1 in Conjurations
  2020 | D:4      | Reached skill level 1 in Hexes
  2020 | D:4      | Reached skill level 1 in Summonings
  2020 | D:4      | Reached skill level 1 in Necromancy
  2020 | D:4      | Reached skill level 1 in Translocations
  2020 | D:4      | Reached skill level 1 in Transmutations
  2020 | D:4      | Reached skill level 1 in Fire Magic
  2020 | D:4      | Reached skill level 1 in Ice Magic
  2020 | D:4      | Reached skill level 1 in Air Magic
  2020 | D:4      | Reached skill level 1 in Earth Magic
  2020 | D:4      | Reached skill level 1 in Poison Magic
  2026 | D:4      | Noticed a scorpion
  2032 | D:4      | HP: 1/34 [acid (8)]
  2038 | D:4      | HP: 1/34 [acid (9)]
  2039 | D:4      | Slain by a jelly

Illustrated notes

Levels and vault maps discovered:
D:1:      dpeg_arrival_oval, layout_basic
D:2:      wander_river, layout_basic, basic_altar
D:3:      layout_basic, doesnt_xom_only_xom,
          mainiacjoe_overflow_concentric_impassable, serial_glass,
          glass_columns_b, glass_columns_a, glass_columns_b, glass_columns_b,
          glass_columns_b, glass_columns_a, glass_columns_b, glass_columns_a,
          glass_columns_b, glass_columns_b, glass_columns_a, glass_columns_b,
          glass_columns_a, glass_columns_a
D:4:      layout_loops_ring, mainiacjoe_overflow_tiny_flanked,
          mainiacjoe_overflow_chevrons, mainiacjoe_overflow_six_doors_small,
          temple_pool_b, serial_shops, nicolae_shop_pleasant_corner_grove,
          minmay_misc_feat_x, corexii_hall_statues_deadend,
          nicolae_shop_i_like_small_books_too, minmay_checkerbox,
          uniq_crazy_yiuf_cottage

Skill      XL: |  1  2  3  4 |
---------------+-------------+-----
Invocations    | 1 |  1.3
Short Blades   | 1 |  1.2
Long Blades    | 1 |  1.2
Axes           | 1 |  1.2
Maces & Flails | 1 |  1.2
Polearms       | 1 |  1.2
Staves         | 1 |  1.2
Ranged Weapons | 1 |  1.2
Throwing       | 1 |  1.2
Armour         | 1 |  1.2
Stealth        | 1 |  1.2
Shields        | 1 |  1.2
Spellcasting   | 1 |  1.2
Evocations     | 1 |  1.2
Conjurations   | 1 |  1.0
Hexes          | 1 |  1.0
Summonings     | 1 |  1.0
Necromancy     | 1 |  1.0
Translocations | 1 |  1.0
Transmutations | 1 |  1.0
Fire Magic     | 1 |  1.0
Ice Magic      | 1 |  1.0
Air Magic      | 1 |  1.0
Earth Magic    | 1 |  1.0
Poison Magic   | 1 |  1.0
Fighting       | |  2.8
Dodging        | |  4.7
Unarmed Combat | |  6.6
Shapeshifting  | |  6.6

Action                     |  1- 3 |  4- 6 || total
---------------------------+-------+-------++-------
  Melee: Unarmed           |    73 |    18 ||    91
         Bite              |     3 |       ||     3
   Fire: Sling             |     4 |       ||     4
    Use: Potion            |       |     4 ||     4
         Scroll            |       |     1 ||     1
   Stab: Sleeping          |     2 |       ||     2
 Armour: Animal skin       |    20 |       ||    20
         Ring mail         |    15 |     9 ||    24
  Dodge: Dodged            |    48 |    17 ||    65

Table legend: (Time is in decaauts)
 A = Elapsed time spent in this place.
 B = Non-inter-level travel time spent in this place.
 C = Inter-level travel time spent in this place.
 D = Time resting spent in this place.
 E = Time spent auto-exploring this place.
 F = Levels seen in this place.
 G = Mean time per level.
                   A        B        C        D        E       F      G
               +--------+--------+--------+--------+--------+-----+--------+
         Total |   2043 |   1946 |     97 |    200 |    965 |   4 |  510.8 |
       Dungeon |   2043 |   1946 |     97 |    200 |    965 |   4 |  510.8 |
               +--------+--------+--------+--------+--------+-----+--------+

Top non-repeatable levels by time:
     D:1: 1096 daAuts
     D:2: 731 daAuts
     D:4: 118 daAuts
     D:3: 97 daAuts
